Map: Abyssal Reef LE

Players

Nice - Winner!

  • Race: Protoss Protoss
  • Spawn Location: 11:00

jheffe

  • Race: Terran Terran
  • Spawn Location: 5:00

Event: WCS Montreal 2017

VOD

Have the link to the VOD?

Description

Time

  • Played on: Sept. 8, 2017, 12:24 p.m.
  • Length: 12:04

All games in this series

Show
View Real Time Build Order
Export as new Build Order

Nice Protoss - Winner!

Build Orders: 1 Gate Expand, Oracle Opening 

Get SALT Encoding   

  12  0:01  Probe (Chrono Boost)  
  13  0:11  Probe (Chrono Boost)  
  14  0:17  Pylon  
  14  0:22  Probe (Chrono Boost)  
  15  0:35  Probe (Chrono Boost)  
  16  0:37  Gateway  
  16  0:46  Probe (Chrono Boost), Assimilator  
  17  0:56  Probe (Chrono Boost)  
  18  1:07  Probe (Chrono Boost)  
  19  1:17  Probe (Chrono Boost)  
  20  1:25  Nexus  
  20  1:34  Cybernetics Core  
  20  1:36  Probe (Chrono Boost)  
  21  1:42  Assimilator  
  22  1:47  Probe (Chrono Boost)  
  22  1:51  Pylon  
  22  1:57  Probe (Chrono Boost)  
  23  2:09  Probe (Chrono Boost)  
  23  2:11  Adept (Chrono Boost)  
  23  2:13  Warp Gate  
  26  2:20  Probe  
  27  2:28  Stargate  
  27  2:33  Probe  
  27  2:35  Probe, Adept (Chrono Boost)  
  31  2:45  Probe  
  31  2:46  Probe  
  33  2:52  Pylon  
  33  2:57  Probe  
  34  3:03  Probe  
  35  3:09  Probe  
  35  3:11  Oracle (Chrono Boost)  
  39  3:13  Probe  
  40  3:21  Probe, Gateway  
  40  3:23  Gateway  
  41  3:27  Probe  
  42  3:39  Probe  
  42  3:40  Pylon  
  43  3:43  Oracle (Chrono Boost)  
  43  3:45  Probe  
  47  3:49  Pylon  
  47  3:51  Probe  
  47  3:54  Pylon  
  48  3:59  Mothership Core  
  48  4:01  Assimilator  
  50  4:03  Probe  
  51  4:15  Probe  
  52  4:18  Probe  
  52  4:22  Stalker x2  
  52  4:23  Stalker  
  59  4:27  Probe (Chrono Boost)  
  59  4:30  Probe (Chrono Boost)  
  61  4:32  Pylon  
  61  4:38  Probe (Chrono Boost), Oracle (Chrono Boost)  
  64  4:40  Probe  
  64  4:41  Assimilator  
  64  4:43  Pylon  
  66  4:50  Probe x2  
  66  4:51  Stalker  
  70  4:53  Stalker  
  70  4:56  Stalker  
  74  5:01  Probe  
  74  5:02  Probe  
  76  5:11  Pylon  
  76  5:14  Probe  
  76  5:19  Zealot x3  
  76  5:20  Probe  
  85  5:34  Nexus  
  85  5:37  Phoenix (Chrono Boost)  
  85  5:40  Forge  
  85  5:41  Twilight Council  
  84  5:48  Pylon  
  84  5:50  Sentry x2, Pylon  
  84  5:52  Sentry  
  90  5:58  Phoenix (Chrono Boost)  
  90  6:04  Gateway  
  92  6:07  Gateway  
  92  6:08  Charge  
  92  6:12  Protoss Ground Armor Level 1 (Chrono Boost)  
  92  6:23  Gateway  
  92  6:24  Gateway  
  92  6:26  Gateway  
  92  6:28  Phoenix  
  92  6:30  Probe  
  92  6:32  Probe  
  96  6:42  Probe  
  97  6:53  Phoenix (Chrono Boost)  
  99  6:58  Probe x3  
  102  7:10  Probe x2  
  102  7:12  Zealot x5  
  114  7:15  Pylon  
  114  7:16  Phoenix (Chrono Boost)  
  114  7:17  Pylon  
  114  7:19  Pylon  
  116  7:23  Templar Archives  
  116  7:38  Phoenix (Chrono Boost)  
  103  7:50  Zealot x3  
  103  7:51  Zealot x5  
  115  7:59  Phoenix (Chrono Boost)  
  115  8:09  Protoss Ground Armor Level 2  
  115  8:10  Zealot x2  
  115  8:11  Zealot x6  
  131  8:18  Probe  
  131  8:19  Probe x2  
  134  8:26  Oracle (Chrono Boost)  
  134  8:27  Nexus  
  137  8:30  Pylon  
  137  8:32  High Templar x2  
  137  8:33  Pylon  
  141  8:36  Archon  
  141  8:40  Pylon  
  141  8:41  Pylon  
  144  8:48  Probe x3, High Templar  
  144  8:49  High Templar  
  144  8:52  Archon  
  144  8:53  Zealot x4  
  156  8:59  Phoenix (Chrono Boost)  
  158  9:07  Zealot  
  158  9:08  Zealot  
  162  9:13  Pylon  
  162  9:20  Phoenix (Chrono Boost)  
  164  9:35  Zealot x6  
  164  9:36  Zealot x2  
  134  9:52  Phoenix (Chrono Boost)  
  120  9:56  Zealot x8  
  130  10:03  Zealot x7  
  87  10:14  Probe, Phoenix (Chrono Boost)  
  121  10:35  Phoenix (Chrono Boost)  
  123  10:37  High Templar x2  
  123  10:38  High Templar x2  
  123  10:39  Nexus  
  123  10:41  Pylon x2  
  123  10:42  Archon x2  
  131  10:55  Gateway  
  131  11:00  Phoenix  
  133  11:12  Forge  
  133  11:13  Probe x2 (Chrono Boost)  
  133  11:14  Mothership Core (Chrono Boost)  
  137  11:21  Zealot x6  
  137  11:25  Phoenix, Pylon  
  128  12:00  Zealot x5  
  128  12:01  Zealot x3  
Show
View Real Time Build Order
Export as new Build Order

jheffe Terran 

Build Orders: Reaper Expand, MMM Bio 

Get SALT Encoding   

  12  0:00  SCV  
  13  0:13  SCV  
  14  0:17  Supply Depot  
  14  0:25  SCV  
  15  0:38  SCV  
  15  0:39  Barracks  
  16  0:44  Refinery  
  16  0:51  SCV  
  17  1:03  SCV  
  18  1:15  SCV  
  19  1:27  Reaper  
  19  1:28  Orbital Command  
  20  1:42  Command Center  
  20  1:54  SCV  
  20  1:59  Supply Depot, Marine  
  22  2:09  Factory  
  22  2:10  SCV  
  23  2:16  Refinery  
  23  2:22  Barracks Reactor, SCV  
  24  2:34  SCV  
  25  2:46  SCV  
  26  2:53  Starport  
  26  2:54  Widow Mine  
  26  2:58  SCV  
  29  3:00  Marine  
  29  3:01  Marine  
  29  3:04  Barracks  
  31  3:08  Orbital Command  
  31  3:16  SCV  
  31  3:18  Marine x2  
  34  3:28  SCV  
  34  3:33  Viking  
  37  3:34  Factory Tech Lab  
  37  3:36  SCV  
  37  3:39  Supply Depot  
  37  3:45  Marine x2, SCV  
  40  3:49  SCV  
  41  3:59  Supply Depot, Factory Tech Lab  
  41  4:00  Stimpack  
  41  4:01  Marine  
  42  4:02  Marine  
  42  4:03  Marine, SCV  
  45  4:11  SCV  
  47  4:18  Supply Depot, Siege Tank  
  47  4:20  Marine x2  
  47  4:23  Marine  
  47  4:24  Starport Reactor  
  53  4:27  SCV x2  
  53  4:30  Refinery  
  54  4:38  Marine x2  
  55  4:39  SCV x2  
  55  4:41  Supply Depot, Marine  
  59  4:50  Siege Tank  
  59  4:51  Engineering Bay  
  62  4:57  Marine x2, SCV  
  65  5:02  Supply Depot  
  65  5:05  Medivac x2  
  65  5:06  SCV  
  70  5:09  SCV  
  70  5:18  SCV  
  70  5:21  Marine, SCV  
  70  5:22  Marine x2  
  70  5:26  Supply Depot  
  73  5:29  Bunker  
  73  5:30  Siege Tank, SCV  
  73  5:33  SCV, Missile Turret  
  78  5:41  Marine x3  
  78  5:42  SCV  
  82  5:45  SCV  
  82  5:47  Barracks  
  83  5:54  SCV  
  84  5:57  Supply Depot  
  84  6:05  Command Center  
  84  6:08  Combat Shields  
  80  6:21  SCV  
  80  6:23  SCV  
  82  6:28  Marine x3  
  82  6:29  Siege Tank  
  88  6:36  SCV  
  89  6:44  Barracks Reactor  
  89  6:45  Barracks x2, Supply Depot  
  89  6:46  Marine x2, Terran Infantry Weapons Level 1  
  85  6:56  SCV  
  85  6:57  SCV  
  85  7:00  Missile Turret  
  85  7:01  Marine  
  87  7:04  Marine  
  89  7:09  SCV x2  
  89  7:11  Marine  
  92  7:19  Marine  
  92  7:21  Marine, SCV  
  95  7:24  SCV  
  95  7:29  Marine  
  97  7:30  Marine x2  
  97  7:33  SCV  
  97  7:36  Marine  
  90  7:44  Marine  
  90  7:46  Marine  
  90  7:48  Siege Tank, Marine  
  90  7:50  Orbital Command, Barracks Reactor x2  
  87  8:01  Marine x2  
  87  8:02  Marine  
  87  8:03  SCV  
  87  8:10  Marine x2  
  87  8:11  Medivac x2  
  89  8:15  Refinery  
  89  8:16  Supply Depot  
  89  8:17  SCV x2  
  91  8:21  Marine x2  
  91  8:22  SCV  
  91  8:24  Marine  
  91  8:25  Siege Tank  
  98  8:27  Marine x2  
  98  8:28  Marine x3  
  98  8:29  SCV  
  98  8:31  Orbital Command  
  104  8:38  SCV  
  105  8:41  SCV  
  106  8:51  Marine x8  
  106  8:52  Marine  
  115  8:58  SCV x3  
  115  9:01  Missile Turret  
  118  9:04  Bunker  
  118  9:05  Supply Depot  
  118  9:08  Marine  
  118  9:09  Marine x2  
  121  9:10  SCV x3  
  121  9:15  Marine  
  121  9:16  Marine x3  
  128  9:19  Marine x2  
  128  9:22  SCV  
  129  9:26  Marine x2  
  129  9:28  Supply Depot  
  89  9:47  Marine  
  89  9:48  Marine  
  89  9:50  Marine x4  
  78  9:53  Medivac x2  
  58  10:07  Marine x3  
  58  10:09  Orbital Command  
  58  10:11  Marine x3  
  58  10:12  Marine  
  64  10:20  Marine x2  
  66  10:25  Marine x3  
  67  10:32  Marine x4  
  71  10:42  Siege Tank, Marine x3  
  77  10:52  SCV x3  
  80  10:57  Marine x2  
  80  10:58  Marine x2  
  80  11:03  Orbital Command  
  84  11:04  SCV  
  84  11:09  Marine x2  
  87  11:11  Armory  
  87  11:14  Siege Tank  
  90  11:28  SCV x2  
  90  11:32  Marine x2  
  92  11:33  Marine x3  
  92  11:34  Marine x2  
  99  11:41  Marine x2  
  99  11:43  SCV x2  
Tags
 
Add a new tag
Caveats
  • Supply blocks, unpowered buildings, or Contaminate may cause inaccurate times.
  • Supply counts are checked every 10 seconds.